 Dungeon Crawl Stone Soup version 0.28-a0-390-gb254ac4902 (webtiles) character file.

Game seed: 9132940754267254009

58 CraigForest the Sneak (level 4, -3/31 HPs)
             Began as an Octopode Delver on Sept 4, 2021.
             Was an Initiate of Gozag.
             Slain by an ice beast (12 damage)
             ... on level 3 of the Dungeon.
             The game lasted 00:22:29 (2779 turns).

CraigForest the Sneak (Octopode Delver)             Turns: 2779, Time: 00:22:31

Health: -3/31      AC:  1    Str: 11    XL:     4   Next: 2%
Magic:  4/4        EV: 14    Int: 12    God:    Gozag
Gold:   320        SH:  0    Dex: 14    Spells: 3/3 levels left

rFire   . . .      SeeInvis .   a - +1 trident (venom)
rCold   . . .      Faith    .   (no shield)
rNeg    . . .      Spirit   .   (helmet restricted)
rPois   .          Reflect  .   (no amulet)
rElec   .          Harm     .   (no ring)
rCorr   .          Rampage  .   (no ring)
Will    .....                   (no ring)
Stlth   ++++......              (no ring)
HPRegen 0.10/turn               (no ring)
MPRegen 0.09/turn               (no ring)
                                (no ring)
                                (no ring)

@: no status effects
A: almost no armour, amphibious, 8 rings, camouflage 1, gelatinous body 1,
(nimble swimmer 1), tentacles
a: Renounce Religion, Potion Petition, Call Merchant, Bribe Branch


You were on level 3 of the Dungeon.
You worshipped Gozag.
Gozag was aware of your devotion.
You visited 2 branches of the dungeon, and saw 6 of its levels.

You collected 341 gold pieces.
You paid 21 gold pieces to Gozag.

Inventory:

Hand Weapons
 a - a +1 trident of venom (weapon)
 b - a +1 dagger of pain
 m - a +0 spear
 n - a +0 hand axe
 q - a +0 long sword
 s - a +0 short sword
 w - a +0 hunting sling
Missiles
 c - 46 bolts
 o - 12 poisoned darts (quivered)
 p - 41 stones
 u - 8 arrows
Wands
 f - a wand of digging (3)
Scrolls
 d - a scroll of fear
 g - 4 scrolls of teleportation
 k - a scroll of magic mapping
 r - a scroll of immolation
 t - 2 scrolls of fog
 x - a scroll of vulnerability
Potions
 e - a potion of haste
 h - a potion of cancellation
 i - 2 potions of curing
 j - 2 potions of heal wounds
 l - a potion of flight {unknown}
 v - a potion of lignification {unknown}


   Skills:
 - Level 3.0 Fighting
 - Level 3.0 Axes
 + Level 0.6(2.0) Polearms
 - Level 3.0 Dodging
 - Level 7.0 Stealth


You had 3 spell levels left.
You didn't know any spells.
Your spell library was empty.

Dungeon Overview and Level Annotations

Branches:
Dungeon (5/15)             Temple (1/1) D:5

Altars:
Ashenzari
Dithmenos
Elyvilon
Gozag
Hepliaklqana
Kikubaaqudgha
Makhleb
Nemelex Xobeh
Okawaru
Qazlal
Trog
Uskayaw
Vehumet
Wu Jian
Yredelemnul
Zin
The Shining One

Shops:
D:5 *


Innate Abilities, Weirdness & Mutations

You cannot wear most types of armour.
You are amphibious.
You can wear up to eight rings at the same time.
Your skin changes colour to match your surroundings (Stealth+).
Your rubbery body absorbs attacks. (AC +1, EV +1)
((You are camouflaged near water. (Stealth+)))
You have tentacles for arms and can constrict up to eight enemies at once.


Message History

Found a hunting sling.
There is an open door here.
You see here a +0 hunting sling.
w - a +0 hunting sling Adjust to which letter? (? for menu, Esc to quit)
a - a +1 trident of venom (weapon);
n - a +0 hand axe
Okay, then.
Adjust (i)tems, (s)pells, or (a)bilities?
t - a +1 dagger of pain Adjust to which letter? (? for menu, Esc to quit)
b - a +1 dagger of pain;
t - 2 scrolls of fog
Found a scroll of vulnerability.
You see here a scroll of vulnerability.
You see here a scroll of vulnerability.
x - a scroll of vulnerability
Found an ancient bone altar of Kikubaaqudgha.
You open the door.
There is an open door here.
An ice beast is nearby!
You closely miss the ice beast. Your squeeze misses the ice beast.
The ice beast closely misses you.
You hit the ice beast.
You squeeze the ice beast, but do no damage.
The ice beast is lightly wounded.
The ice beast hits you but does no damage.
The ice beast hits you. The ice beast freezes you!
You hit the ice beast. You squeeze the ice beast.
The ice beast is lightly wounded.
The ice beast hits you. The ice beast freezes you!
You barely miss the ice beast.
The ice beast is lightly wounded.
The ice beast misses you.
You hit the ice beast.
The ice beast is poisoned.
The ice beast is moderately wounded.
The ice beast hits you.
* * * LOW HITPOINT WARNING * * *
The ice beast freezes you!
You die...
Your body crumbles into a pile of gold.

#########
#.......#
####.......#
#..........#
#....Y.....#
#.....@....#
#..........###.#.
..................
##....####.##.#.#.
#.... #.##.#.#.#
#.... #.##.#.#.#
#... #.##.#.#.#
#... #.##.#.#.#
#.##...#.#


You could see an ice beast (very poisoned).

Vanquished Creatures
  2 adders (D:3)
  A worm (D:3)
  A dart slug (D:1)
  4 bats
  5 endoplasms
  2 giant cockroaches
  A goblin (D:1)
  3 hobgoblins
  6 kobolds
  2 ball pythons
  A frilled lizard (D:3)
  5 rats
33 creatures vanquished.

Notes
Turn   | Place    | Note
-------+----------+-------------------------------------------
     0 | D:5      | CraigForest the Octopode Delver began the quest for the
                  | Orb.
     0 | D:5      | Reached XP level 1. HP: 16/16 MP: 1/1
    13 | D:5      | Noticed an iguana
   190 | D:5      | Found a white marble altar of Elyvilon.
   198 | D:5      | Became a worshipper of Elyvilon the Healer
   212 | D:5      | Found a staircase to the Ecumenical Temple.
   232 | D:5      | Noticed a black bear
   236 | D:5      | Noticed a jelly
   237 | D:5      | Noticed a hound
   310 | Temple   | Entered the Ecumenical Temple
   317 | Temple   | Fell from the grace of Elyvilon
   317 | Temple   | Became a worshipper of Gozag Ym Sagoz the Greedy
   611 | D:4      | Noticed a black bear
  1003 | D:2      | Reached XP level 2. HP: 21/21 MP: 2/2
  1050 | D:1      | You fall into a shaft and drop 1 floor!
  1639 | D:1      | Reached skill level 7 in Stealth
  1667 | D:1      | Found a faded altar of an unknown god.
  1673 | D:1      | Reached XP level 3. HP: 26/26 MP: 3/3
  2123 | D:3      | Noticed an ice beast
  2587 | D:3      | Reached XP level 4. HP: 31/31 MP: 4/4
  2724 | D:3      | Found an ancient bone altar of Kikubaaqudgha.
  2779 | D:3      | Slain by an ice beast

Illustrated notes

Levels and vault maps discovered:
D:1:      dpeg_arrival_rhombus, layout_rooms,
          shapermc_ecumenical_altar_totnotflames
D:2:      layout_basic
D:3:      layout_basic, kiku_gazebo_pond_becter, grunt_decor_resistance
D:4:      cheibrodos_helix_gallery, layout_basic, hangedman_decor_slide_cut
D:5:      layout_basic, elyvilon_altar_3, amcnicky_altar_gilded,
          minmay_temple_entry_sparse_star, nicolae_shop_gadgets
Temple:   nicolae_temple_no_exploring_needed

Skill      XL: |  1  2  3  4 |
---------------+-------------+-----
Axes           | 3 |  3.0
Stealth        | 7 |  7.0
Dodging        | 3 |  3.0
Fighting       | |  3.0
Polearms       | |  0.6

Action                   |  1- 3 |  4- 6 || total
-------------------------+-------+-------++-------
Melee: Hand axe          |    42 |       ||    42
       Constrict         |     9 |       ||     9
       Tentacles         |     8 |     2 ||    10
       Trident           |    17 |     6 ||    23
  Use: Scroll            |     7 |       ||     7
 Stab: Sleeping          |    11 |       ||    11
Armor: Skin              |    12 |     1 ||    13
Dodge: Dodged            |    52 |     3 ||    55

Table legend: (Time is in decaauts)
 A = Elapsed time spent in this place.
 B = Non-inter-level travel time spent in this place.
 C = Inter-level travel time spent in this place.
 D = Time resting spent in this place.
 E = Time spent auto-exploring this place.
 F = Levels seen in this place.
 G = Mean time per level.
                   A        B        C        D        E       F      G
               +--------+--------+--------+--------+--------+-----+--------+
         Total |   2793 |   2793 |      0 |    595 |    509 |   6 |  465.5 |
       Dungeon |   2595 |   2595 |      0 |    412 |    509 |   5 |  519.0 |
        Temple |    197 |    197 |      0 |    183 |      0 |   1 |  197.0 |
               +--------+--------+--------+--------+--------+-----+--------+

Top non-repeatable levels by time:
     D:2: 825 daAuts
     D:3: 706 daAuts
     D:1: 594 daAuts
     D:5: 320 daAuts
  Temple: 197 daAuts
     D:4: 149 daAuts
